Workbook
Name \0: #REF!
Name \00: #REF!
Name \a: #REF!
Name \AA: [1]LIQUIDACION!#REF!
Name \b: [2]STRSUMM0!#REF!
Name \bb: [2]STRSUMM0!#REF!
Name \E: #REF!
Name \EE: #REF!
Name \G: #REF!
Name \k: '[3]7422CW00'!#REF!
Name \l: [4]STRSUMM0!#REF!
Name \M: #REF!
Name \ñ: '[5]7422CW00'!#REF!
Name \P: #REF!
Name \R: #REF!
Name \s: #REF!
Name \V: #REF!
Name \X: [6]!ERR
Name \X: [6]!ERR
Name \Z: [6]!ERR
Name \Z: [6]!ERR
Name _________AFC1: [7]INV!$A$25:$D$28
Name _________AFC3: [7]INV!$F$25:$I$28
Name _________AFC5: [7]INV!$K$25:$N$28
Name _________BGC1: [7]INV!$A$5:$D$8
Name _________BGC3: [7]INV!$F$5:$I$8
Name _________BGC5: [7]INV!$K$5:$N$8
Name _________CAC1: [7]INV!$A$19:$D$22
Name _________CAC3: [7]INV!$F$19:$I$22
Name _________CAC5: [7]INV!$K$19:$N$22
Name _________PJ50: #REF!
Name _________SBC1: [7]INV!$A$12:$D$15
Name _________SBC3: [7]INV!$F$12:$I$15
Name _________SBC5: [7]INV!$K$12:$N$15
Name ________AFC1: [7]INV!$A$25:$D$28
Name ________AFC3: [7]INV!$F$25:$I$28
Name ________AFC5: [7]INV!$K$25:$N$28
Name ________BGC1: [7]INV!$A$5:$D$8
Name ________BGC3: [7]INV!$F$5:$I$8
Name ________BGC5: [7]INV!$K$5:$N$8
Name ________CAC1: [7]INV!$A$19:$D$22
Name ________CAC3: [7]INV!$F$19:$I$22
Name ________CAC5: [7]INV!$K$19:$N$22
Name ________MA2: #REF!
Name ________PJ50: #REF!
Name ________SBC1: [7]INV!$A$12:$D$15
Name ________SBC3: [7]INV!$F$12:$I$15
Name ________SBC5: [7]INV!$K$12:$N$15
Name _______AFC1: [7]INV!$A$25:$D$28
Name _______AFC3: [7]INV!$F$25:$I$28
Name _______AFC5: [7]INV!$K$25:$N$28
Name _______BGC1: [7]INV!$A$5:$D$8
Name _______BGC3: [7]INV!$F$5:$I$8
Name _______BGC5: [7]INV!$K$5:$N$8
Name _______CAC1: [7]INV!$A$19:$D$22
Name _______CAC3: [7]INV!$F$19:$I$22
Name _______CAC5: [7]INV!$K$19:$N$22
Name _______MA2: #REF!
Name _______PJ50: #REF!
Name _______SBC1: [7]INV!$A$12:$D$15

Sheet PRESUPUESTO OFICIAL 
C3: Formulario 1 - Propuesta económica - Documento tipo de licitación de obra pública de infraestructura de transporte - versión 3
C4: Código | D4: CCE-EICP-FM-14 | E4: Versión | F4: 3
C5: FORMULARIO 1
C6: PRESUPUESTO OFICIAL
C7: [La entidad puede utilizar este formulario de detalle del presupuesto oficial para determinar las condiciones bajo las cuales los proponentes analizarán y presentarán su propuesta económica de forma detallada, sin perjuicio que la entidad pueda modificarlo o establecer la presentación de la oferta económica con un formulario distinto al indicado.]
C9: Adicionalmente, cuando el proceso de contratación es estructurado por precios unitarios, la Entidad debe aplicar las notas 1, 2 y 3 del presente formulario y las casillas de "Descripción", "Porcentaje" de la Administración, Imprevisto, Utilidad y total A.I.U. resaltadas en color amarillo. Tratándose de otras modalidades de precio, la Entidad puede o no configurar los mismos aspectos.
C11: Nº | D11: ÍTEM DE PAGO | E11: ESPECIFICACIONES | G11: DESCRIPCIÓN | H11: UND. | I11: CANTIDAD | J11: VALOR UNITARIO | K11: VALOR TOTAL
E12: GENERAL | F12: PARTICULAR
C14: 1 | E14: X | F14: ESP. MANUAL DE SEÑALIZACION VIAL 2024 | G14: Suministro y aplicación de pintura acrílica imprimante color negro para marcas viales (cebras, flechas pictogramas…), 50% sólidos por volumen | H14: M2 | I14: 3379 | J14: ='ITEM 1- IMPRIMANTE M2'!M64 -> 33939 | K14: =J14*I14 -> 114679881
C15: 2 | E15: X | F15: ESP. MANUAL DE SEÑALIZACION VIAL 2024 | G15: Suministro y aplicación de pintura imprimante acrílica color negro ancho de la línea de 15 cm, espesor seco de 8 mils, 50% de sólidos por volumen | H15: ML | I15: 50000 | J15: ='ITEM 2 - IMPRIMANTE ML'!M57 -> 2493 | K15: =J15*I15 -> 124650000
C16: 3 | F16: ESP. 700,1 INVIAS | G16: Suministro y aplicación de pintura acrílica base solvente color Amarillo y Blanco ancho de la línea de 12 cm, espesor seco de 12 mils, 50% de sólidos por volumen, con microesfera | H16: ML | I16: 50000 | J16: ='ITEM 3 -ML SOLVENTE'!M58 -> 3611 | K16: =J16*I16 -> 180550000
C17: 4 | E17: X | F17: ESP. 700,3 INVIAS | G17: Suministro y aplicación de pintura Acrílica Base Solvente espesor seco Mínima de 12 mils, con microesfera. | H17: M2 | I17: 2930 | J17: ='ITEM 4 M2 SOLVENTE'!M61 -> 48113 | K17: =J17*I17 -> 140971090
C18: 5 | E18: X | F18: ESP.710.1.1 INVIAS | G18: Suministro, instalación y georreferenciación de señales verticales SP, SR y SI de 75*75 Cm en material reflectivo grado XI o superior, lámina galvanizada calibre 16 y poste en Tubo de acero Galvanizado redondo de 2" calibre 3mm cumpliendo con el manual de señalización vial de MINTRANSPORTE 2024 | H18: UND | I18: 53 | J18: ='ITEM 5 - SEÑAL 75'!M73 -> 611320 | K18: =J18*I18 -> 32399960
C19: 6 | F19: ESP.710.1.1 INVIAS | G19: Suministro, instalación y georreferenciación de señales verticales Duplex SP, SR y SI de 75*75 Cm en material reflectivo grado XI o superior, lámina galvanizada calibre 16 y poste en Tubo de acero Galvanizado redondo de 2" calibre 3mm cumpliendo con el manual de señalización vial de MINTRANSPORTE 2024 | H19: UND | I19: 70 | J19: ='ITEM 6 SEÑAL DUPLEX'!M71 -> 934941 | K19: =J19*I19 -> 65445870
C20: 7 | E20: X | F20: ESP. MANUAL DE SEÑALIZACION VIAL 2024 | G20: Construcción de bandas sonoras reductoras de velocidad de 30CM de ancho * 2,5 cm de altura, construida con gravilla de 1/2", pintura de larga duración blanca y resina epoxica | H20: ML | I20: 970 | J20: ='ITEM 7- BANDA'!G47 -> 229685 | K20: =J20*I20 -> 222794450
C21: 8 | E21: X | F21: ESP. MANUAL DE SEÑALIZACION VIAL 2024 | G21: Suministro y aplicación de pintura Acrílica Base Solvente pigmentada Multicolor espesor seco Mínima de 12 mils, con antideslizante | H21: M2 | I21: =1000*2 -> 2000 | J21: ='ITEM 8 M2 PIGMENTADO O MULT'!M59 -> 55484 | K21: =J21*I21 -> 110968000
C22: 9 | E22: X | F22: ESP. MANUAL DE SEÑALIZACION VIAL 2024 | G22: Suministro e Instalación de Hito vial flexible con tres cintas reflectivas. 80 cm Alto con 20 de base. Incluye kit de anclaje (Tornillo tirafondo de 3/8×4 1/2 y/o chazo de 1/2×4 con arandela de 3/8) | H22: UND | I22: 900 | J22: ='ITEM 09 HITO FLEXIBLE'!M81 -> 61663 | K22: =J22*I22 -> 55496700
C23: 10 | E23: X | F23: ESP. MANUAL DE SEÑALIZACION VIAL 2024 | G23: Suministro e instalación de Tachones con reflectivo de dimensiones 40cm 15cm*8cm pernados | H23: UND | I23: 400 | J23: ='ITEM 10- TACHONES'!H48 -> 53745 | K23: =J23*I23 -> 21498000
C24: 11 | E24: X | F24: ESP. MANUAL DE SEÑALIZACION VIAL 2024 | G24: DESISTALACION Y Retiro de Tachones e Hitos con su respectivo anclaje | H24: UND | I24: 600 | J24: ='ITEM 11- Retiro de TACHONES (2)'!H48 -> 8799 | K24: =J24*I24 -> 5279400
C25: Subtotal | K25: =SUM(K14:K24) -> 1074733351
C27: SUBTOTAL OBRAS (AIU Incluido) | K27: =K25 -> 1074733351
G29: ADMINISTRACION | J29: A | K29: 0.2
G30: IMPREVISTOS | J30: I | K30: 0.01
G31: UTILIDAD | J31: U | K31: 0.04
G32: VALOR TOTAL | K32: =K27 -> 1074733351

Sheet PROPUESTA ECONOMICA.
C3: Formulario 1 - Propuesta económica - Documento tipo de licitación de obra pública de infraestructura de transporte - versión 3
C4: Código | D4: CCE-EICP-FM-14 | E4: Versión | F4: 3
C5: PROPUESTA ECONOMICA
C6: PRESUPUESTO OFICIAL
C7: [La entidad puede utilizar este formulario de detalle de la Propuesta economica para determinar las condiciones bajo las cuales los proponentes analizarán y presentarán su propuesta económica de forma detallada, sin perjuicio que la entidad pueda modificarlo o establecer la presentación de la oferta económica con un formulario distinto al indicado.]
C9: Adicionalmente, cuando el proceso de contratación es estructurado por precios unitarios, la Entidad debe aplicar las notas 1, 2 y 3 del presente formulario y las casillas de "Descripción", "Porcentaje" de la Administración, Imprevisto, Utilidad y total A.I.U. resaltadas en color amarillo. Tratándose de otras modalidades de precio, la Entidad puede o no configurar los mismos aspectos.
C11: Nº | D11: ÍTEM DE PAGO | E11: ESPECIFICACIONES | G11: DESCRIPCIÓN | H11: UND. | I11: CANTIDAD | J11: VALOR UNITARIO | K11: VALOR TOTAL
E12: GENERAL | F12: PARTICULAR
C14: 1 | E14: X | F14: ESP. MANUAL DE SEÑALIZACION VIAL 2024 | G14: Suministro y aplicación de pintura acrílica imprimante color negro para marcas viales (cebras, flechas pictogramas…), 50% sólidos por volumen | H14: M2 | I14: 3379
C15: 2 | E15: X | F15: ESP. MANUAL DE SEÑALIZACION VIAL 2024 | G15: Suministro y aplicación de pintura imprimante acrílica color negro ancho de la línea de 15 cm, espesor seco de 8 mils, 50% de sólidos por volumen | H15: ML | I15: 50000
C16: 3 | F16: ESP. 700,1 INVIAS | G16: Suministro y aplicación de pintura acrílica base solvente color Amarillo y Blanco ancho de la línea de 12 cm, espesor seco de 12 mils, 50% de sólidos por volumen, con microesfera | H16: ML | I16: 50000
C17: 4 | E17: X | F17: ESP. 700,3 INVIAS | G17: Suministro y aplicación de pintura Acrílica Base Solvente espesor seco Mínima de 12 mils, con microesfera. | H17: M2 | I17: 2930
C18: 5 | E18: X | F18: ESP.710.1.1 INVIAS | G18: Suministro, instalación y georreferenciación de señales verticales SP, SR y SI de 75*75 Cm en material reflectivo grado XI o superior, lámina galvanizada calibre 16 y poste en Tubo de acero Galvanizado redondo de 2" calibre 3mm cumpliendo con el manual de señalización vial de MINTRANSPORTE 2024 | H18: UND | I18: 53
C19: 6 | F19: ESP.710.1.1 INVIAS | G19: Suministro, instalación y georreferenciación de señales verticales Duplex SP, SR y SI de 75*75 Cm en material reflectivo grado XI o superior, lámina galvanizada calibre 16 y poste en Tubo de acero Galvanizado redondo de 2" calibre 3mm cumpliendo con el manual de señalización vial de MINTRANSPORTE 2024 | H19: UND | I19: 70
C20: 7 | E20: X | F20: ESP. MANUAL DE SEÑALIZACION VIAL 2024 | G20: Construcción de bandas sonoras reductoras de velocidad de 30CM de ancho * 2,5 cm de altura, construida con gravilla de 1/2", pintura de larga duración blanca y resina epoxica | H20: ML | I20: 970
C21: 8 | E21: X | F21: ESP. MANUAL DE SEÑALIZACION VIAL 2024 | G21: Suministro y aplicación de pintura Acrílica Base Solvente pigmentada Multicolor espesor seco Mínima de 12 mils, con antideslizante | H21: M2 | I21: =1000*2 -> 2000
C22: 9 | E22: X | F22: ESP. MANUAL DE SEÑALIZACION VIAL 2024 | G22: Suministro e Instalación de Hito vial flexible con tres cintas reflectivas. 80 cm Alto con 20 de base. Incluye kit de anclaje (Tornillo tirafondo de 3/8×4 1/2 y/o chazo de 1/2×4 con arandela de 3/8) | H22: UND | I22: 900
C23: 10 | E23: X | F23: ESP. MANUAL DE SEÑALIZACION VIAL 2024 | G23: Suministro e instalación de Tachones con reflectivo de dimensiones 40cm 15cm*8cm pernados | H23: UND | I23: 400
C24: 11 | E24: X | F24: ESP. MANUAL DE SEÑALIZACION VIAL 2024 | G24: DESISTALACION Y Retiro de Tachones e Hitos con su respectivo anclaje | H24: UND | I24: 600
C25: Subtotal | K25: =SUM(K14:K24) -> 0
C27: SUBTOTAL OBRAS (AIU Incluido) | K27: =K25 -> 0
G29: ADMINISTRACION | J29: A | K29: 0.15
G30: IMPREVISTOS | J30: I | K30: 0.05
G31: UTILIDAD | J31: U | K31: 0.05
G32: VALOR TOTAL | K32: =K27 -> 0

Sheet ITEM 1- IMPRIMANTE M2
J3: FECHA
B4: MUNICIPIO DE NEIVA
J5: VERSIÓN
B6: PROCESO No.
J7: PÁGINA | K7: 1 | L7: DE | M7: 1
B9: ANALISIS DE PRECIOS UNITARIOS
J11: FECHA | K11: DD | L11: MM | M11: AA
A13: ÍTEMS DE LA PROPUESTA ECONÓMICA | G13: ÍTEMS NO PREVISTOS
A17: DATOS ESPECÍFICOS
A19: ÍTEM | B19: DESCRIPCIÓN | K19: UNIDAD | M19: CANTIDAD
A20: 1 | B20: Suministro y aplicación de pintura acrílica imprimante color negro para marcas viales (cebras, flechas pictogramas…), 50% sólidos por volumen | K20: M2 | M20: 1
A21: I. EQUIPO
A24: DESCRIPCIÓN | F24: UNIDAD | H24: TIPO | J24: TARIFA/HORA | K24: RENDIMIENTO | M24: Vr. UNITARIO
A25: Equipo Airlees para Aplicación Pintura | F25: HORA | J25: =31560*1.07 -> 33769.2 | K25: 20 | M25: =J25/K25 -> 1688.46
A26: Camion de Apoyo | F26: HORA | J26: =30000*1.07 -> 32100 | K26: 20 | M26: =J26/K26 -> 1605
A27: Herramienta menor | F27: 10% MO | J27: =M52*10% -> 478.7652 | K27: 1 | M27: =J27/K27 -> 478.7652
A28: Señalizacion y Otros | F28: GL | J28: =70*1.07 -> 74.9 | K28: 1 | M28: =J28/K28 -> 74.9
A29: SUBTOTAL $ | M29: =SUM(M25:M28) -> 3847.1252
A30: Equipo Airlees para Aplicación Pintura
A33: DESCRIPCIÓN | I33: UNIDAD | J33: CANTIDAD | K33: PRECIO UNIT. | M33: Vr. UNITARIO
A34: Imprimante Acrilico Negro | I34: GL | J34: 0.16 | K34: =105200*1.07 -> 112564 | M34: =J34*K34 -> 18010.24
A35: Disolvente | I35: GL | J35: 0.01 | K35: 50653.8 | M35: =J35*K35 -> 506.538
A36: SUBTOTAL $ | M36: =SUM(M34:M35) -> 18516.778
A37: III. TRANSPORTES
A40: MATERIAL | H40: VOL. o PESO | I40: DISTANCIA | J40: M3 o Ton/Km | K40: TARIFA | M40: Vr. UNITARIO
A43: SUBTOTAL $
A44: IV. MANO DE OBRA
A47: TRABAJADOR | H47: JORNAL | I47: PRESTACIONES | J47: JORNAL TOTAL | K47: RENDIMIENTO | M47: Vr. UNITARIO
A48: operador 1 | H48: =52600*1.23 -> 64698 | I48: 1.85 | J48: =I48*H48 -> 119691.3 | K48: 100 | M48: =J48/K48 -> 1196.913
A49: Premarcador | H49: =52600*1.23 -> 64698 | I49: 1.85 | J49: =H49*I49 -> 119691.3 | K49: 100 | M49: =J49/K49 -> 1196.913
A50: Ayudante 2 | H50: =105200*1.23 -> 129396 | I50: 1.85 | J50: =H50*I50 -> 239382.6 | K50: 100 | M50: =J50/K50 -> 2393.826
A52: SUBTOTAL $ | M52: =SUM(M48:M51) -> 4787.652
A54: TOTAL COSTO DIRECTO $ | M54: =M29+M36+M52 -> 27151.555
A55: V. COSTOS INDIRECTOS
A58: Descripción | J58: Porcentaje | K58: Valor Total
A59: ADMINISTRACION | J59: 0.2 | K59: =M54*J59 -> 5430.311
A60: IMPREVISTOS | J60: 0.01 | K60: =M54*J60 -> 271.51555
A61: UTILIDAD | J61: 0.04 | K61: =M54*J61 -> 1086.0622
A62: SUBTOTAL $ | M62: =SUM(K59:L61) -> 6787.8888
A64: Precio Unitario Total Aproximado al peso $ | M64: =ROUND((M54+M62),0) -> 33939
F68: Firma
F69: Nombre:
F70: Representante Legal del Contratista o su Apoderado
F71: Matricula No. :
A73: OBSERVACIONES INTERVENTORÍA
A77: APROBACIÓN POR INTERVENTORÍA
A78: Nota 1: Cuando se trate de Análisis de precios unitarios correspondientes a ítems de la propuesta económica aprobada, el Interventor aprueba el desglose de los componentes manteniendo el mismo precio unitario de cada ítem, cumpliendo con las especificaciones de construcción vigentes para el proyecto.
A80: Nota 2: Cuando se trate de Análisis de precios unitarios de ítems no previstos, el Interventor aprueba el desglose y precio unitario de cada ítem no previsto, exigiendo la aplicación de los costos correspondientes a insumos y tarifas de la propuesta económica inicial cuando estén contemplados, cumpliendo con las especificaciones de construcción vigente para el proyecto.
F83: Firma
F84: Nombre:
F85: Representante Legal del Interventor o su Apoderado
F86: Matricula No. :

Sheet ITEM 2 - IMPRIMANTE ML
J3: FECHA
B4: MUNICIPIO DE NEIVA
J5: VERSIÓN
B6: PROCESO No.
J7: PÁGINA | K7: 1 | L7: DE | M7: 1
B9: ANALISIS DE PRECIOS UNITARIOS
A12: ÍTEM | B12: DESCRIPCIÓN | K12: UNIDAD | M12: CANTIDAD
A13: 2 | B13: Suministro y aplicación de pintura imprimante acrílica color negro ancho de la línea de 15 cm, espesor seco de 8 mils, 50% de sólidos por volumen | K13: ML. | M13: 1
A14: I. EQUIPO
A17: DESCRIPCIÓN | F17: UNIDAD | H17: TIPO | J17: TARIFA/HORA | K17: RENDIMIENTO | M17: Vr. UNITARIO
A18: Equipo Delineador | F18: Hora | J18: =50000*1.07 -> 53500 | K18: 200 | M18: =J18/K18 -> 267.5
A19: Camion de apoyo | F19: Hora | J19: =30000*1.07 -> 32100 | K19: 200 | M19: =J19/K19 -> 160.5
A20: Herramienta menor | F20: 10% MO | J20: =M45*10% -> 31.119738 | K20: 1 | M20: =J20/K20 -> 31.119738
A21: Señalizacion y Otros | F21: Gl | J21: =70*1.07 -> 74.9 | K21: 1 | M21: =J21/K21 -> 74.9
A22: SUBTOTAL $ | M22: =SUM(M18:M21) -> 534.01974
A23: II. MATERIALES
A26: DESCRIPCIÓN | I26: UNIDAD | J26: CANTIDAD | K26: PRECIO UNIT. | M26: Vr. UNITARIO
A27: Imprimante Acrilico Negro | I27: GAL. | J27: 0.01 | K27: =105200*1.07 -> 112564 | M27: =J27*K27 -> 1125.64
A28: Disolvente Xilol | I28: GAL. | J28: 0.00045 | K28: =47340*1.07 -> 50653.8 | M28: =J28*K28 -> 22.79421
A29: SUBTOTAL $ | M29: =SUM(M27:M28) -> 1148.4342
A30: III. TRANSPORTES
A33: MATERIAL | H33: VOL. o PESO | I33: DISTANCIA | J33: M3 o Ton/Km | K33: TARIFA | M33: Vr. UNITARIO
A36: SUBTOTAL $
A37: IV. MANO DE OBRA
A40: TRABAJADOR | H40: JORNAL | I40: PRESTACIONES | J40: JORNAL TOTAL | K40: RENDIMIENTO | M40: Vr. UNITARIO
A41: Alineador | H41: =63120*1.23 -> 77637.6 | I41: 1.85 | J41: =I41*H41 -> 143629.56 | K41: 2000 | M41: =J41/K41 -> 71.81478
A42: Operador | H42: =52600*1.23 -> 64698 | I42: 1.85 | J42: =H42*I42 -> 119691.3 | K42: 2000 | M42: =J42/K42 -> 59.84565
A43: Premarcador | H43: =52600*1.23 -> 64698 | I43: 1.85 | J43: =H43*I43 -> 119691.3 | K43: 2000 | M43: =J43/K43 -> 59.84565
A44: Ayudantes 2 | H44: =105200*1.23 -> 129396 | I44: 1.85 | J44: =I44*H44 -> 239382.6 | K44: 2000 | M44: =J44/K44 -> 119.6913
A45: SUBTOTAL $ | M45: =SUM(M41:M44) -> 311.19738
A47: TOTAL COSTO DIRECTO $ | M47: =ROUND((M22+M29+M45),0) -> 1994
A48: V. COSTOS INDIRECTOS
A51: Descripción | J51: Porcentaje | K51: Valor Total
A52: ADMINISTRACION | J52: 0.2 | K52: =M47*J52 -> 398.8
A53: IMPREVISTOS | J53: 0.01 | K53: =M47*J53 -> 19.94
A54: UTILIDAD | J54: 0.04 | K54: =M47*J54 -> 79.76
A55: SUBTOTAL $ | M55: =SUM(K52:L54) -> 498.5
A57: Precio Unitario Total Aproximado al peso $ | M57: =ROUND((M47+M55),0) -> 2493
F61: Firma
F62: Nombre:
F63: Representante Legal del Contratista o su Apoderado
F64: Matricula No. :
A66: OBSERVACIONES INTERVENTORÍA
A70: APROBACIÓN POR INTERVENTORÍA
A71: Nota 1: Cuando se trate de Análisis de precios unitarios correspondientes a ítems de la propuesta económica aprobada, el Interventor aprueba el desglose de los componentes manteniendo el mismo precio unitario de cada ítem, cumpliendo con las especificaciones de construcción vigentes para el proyecto.
A73: Nota 2: Cuando se trate de Análisis de precios unitarios de ítems no previstos, el Interventor aprueba el desglose y precio unitario de cada ítem no previsto, exigiendo la aplicación de los costos correspondientes a insumos y tarifas de la propuesta económica inicial cuando estén contemplados, cumpliendo con las especificaciones de construcción vigente para el proyecto.
F76: Firma
F77: Nombre:
F78: Representante Legal del Interventor o su Apoderado
F79: Matricula No. :

Sheet ITEM 3 -ML SOLVENTE
J3: FECHA
B5: MUNICIPIO DE NEIVA
J6: VERSIÓN
B7: PROCESO No.
J8: PÁGINA | K8: 1 | L8: DE | M8: 1
B10: ANALISIS DE PRECIOS UNITARIOS
A12: ÍTEM | B12: DESCRIPCIÓN | K12: UNIDAD | M12: CANTIDAD
A13: 3 | B13: Suministro y aplicación de pintura acrílica base solvente color Amarillo y Blanco ancho de la línea de 12 cm, espesor seco de 12 mils, 50% de sólidos por volumen | K13: ML. | M13: 1
A14: I. EQUIPO
A17: DESCRIPCIÓN | F17: UNIDAD | H17: TIPO | J17: TARIFA/HORA | K17: RENDIMIENTO | M17: Vr. UNITARIO
A18: Equipo Delineador | F18: Hora | J18: =50000*1.07 -> 53500 | K18: 200 | M18: =J18/K18 -> 267.5
A19: Camion de apoyo | F19: Hora | J19: =30000*1.07 -> 32100 | K19: 200 | M19: =J19/K19 -> 160.5
A20: Herramienta menor | F20: 10% MO | J20: =M46*10% -> 25.135173 | K20: 1 | M20: =J20/K20 -> 25.135173
A21: Señalizacion y Otros | F21: Gl | J21: =70*1.07 -> 74.9 | K21: 1 | M21: =J21/K21 -> 74.9
A22: SUBTOTAL $ | M22: =SUM(M18:M21) -> 528.03517
A23: II. MATERIALES
A26: DESCRIPCIÓN | I26: UNIDAD | J26: CANTIDAD | K26: PRECIO UNIT. | M26: Vr. UNITARIO
A27: Pintura Acrilica Base Solvente Pura | I27: GAL. | J27: 0.011 | K27: =147280*1.07 -> 157589.6 | M27: =J27*K27 -> 1733.4856
A28: Disolvente Xilol | I28: GAL. | J28: 0.00043 | K28: =47340*1.07 -> 50653.8 | M28: =J28*K28 -> 21.781134
A29: Esferas reflectivas | I29: KG | J29: 0.045 | K29: =7364*1.07 -> 7879.48 | M29: =J29*K29 -> 354.5766
A30: SUBTOTAL $ | M30: =SUM(M27:M29) -> 2109.8433
A31: III. TRANSPORTES
A34: MATERIAL | H34: VOL. o PESO | I34: DISTANCIA | J34: M3 o Ton/Km | K34: TARIFA | M34: Vr. UNITARIO
A37: SUBTOTAL $
A38: IV. MANO DE OBRA
A41: TRABAJADOR | H41: JORNAL | I41: PRESTACIONES | J41: JORNAL TOTAL | K41: RENDIMIENTO | M41: Vr. UNITARIO
A42: Alineador | H42: =63120*1.23 -> 77637.6 | I42: 1.85 | J42: =I42*H42 -> 143629.56 | K42: 2000 | M42: =J42/K42 -> 71.81478
A43: Operador | H43: =52600*1.23 -> 64698 | I43: 1.85 | J43: =H43*I43 -> 119691.3 | K43: 2000 | M43: =J43/K43 -> 59.84565
A44: Premarcador | H44: =52600*1.23 -> 64698 | I44: 1.85 | J44: =H44*I44 -> 119691.3 | K44: 2000 | M44: =J44/K44 -> 59.84565
A45: Ayudantes | H45: =52600*1.23 -> 64698 | I45: 1.85 | J45: =I45*H45 -> 119691.3 | K45: 2000 | M45: =J45/K45 -> 59.84565
A46: SUBTOTAL $ | M46: =SUM(M42:M45) -> 251.35173
A48: TOTAL COSTO DIRECTO $ | M48: =ROUND((M22+M30+M46),0) -> 2889
A49: V. COSTOS INDIRECTOS
A52: Descripción | J52: Porcentaje | K52: Valor Total
A53: ADMINISTRACION | J53: 0.2 | K53: =M48*J53 -> 577.8
A54: IMPREVISTOS | J54: 0.01 | K54: =M48*J54 -> 28.89
A55: UTILIDAD | J55: 0.04 | K55: =M48*J55 -> 115.56
A56: SUBTOTAL $ | M56: =SUM(K53:L55) -> 722.25
A58: Precio Unitario Total Aproximado al peso $ | M58: =ROUND((M48+M56),0) -> 3611
F62: Firma
F63: Nombre:
F64: Representante Legal del Contratista o su Apoderado
F65: Matricula No. :
A67: OBSERVACIONES INTERVENTORÍA
A71: APROBACIÓN POR INTERVENTORÍA
A72: Nota 1: Cuando se trate de Análisis de precios unitarios correspondientes a ítems de la propuesta económica aprobada, el Interventor aprueba el desglose de los componentes manteniendo el mismo precio unitario de cada ítem, cumpliendo con las especificaciones de construcción vigentes para el proyecto.
A74: Nota 2: Cuando se trate de Análisis de precios unitarios de ítems no previstos, el Interventor aprueba el desglose y precio unitario de cada ítem no previsto, exigiendo la aplicación de los costos correspondientes a insumos y tarifas de la propuesta económica inicial cuando estén contemplados, cumpliendo con las especificaciones de construcción vigente para el proyecto.
F77: Firma
F78: Nombre:
F79: Representante Legal del Interventor o su Apoderado
F80: Matricula No. :

Sheet ITEM 4 M2 SOLVENTE
J3: FECHA
B4: MUNICIPIO DE NEIVA
J5: VERSIÓN
B6: PROCESO No.
J7: PÁGINA | K7: 1 | L7: DE | M7: 1
B9: ANALISIS DE PRECIOS UNITARIOS
A14: ÍTEM | B14: DESCRIPCIÓN | K14: UNIDAD | M14: CANTIDAD
A15: 4 | B15: Suministro y aplicación de pintura pintura Acrilica Base Solvente espesor seco Minima de 12 mils, con microesfera | K15: M2 | M15: 1
A16: I. EQUIPO
A19: DESCRIPCIÓN | F19: UNIDAD | H19: TIPO | J19: TARIFA/HORA | K19: RENDIMIENTO | M19: Vr. UNITARIO
A20: Equipo Airlees para Aplicación Pintura | F20: HORA | J20: =31560*1.07 -> 33769.2 | K20: 15 | M20: =J20/K20 -> 2251.28
A21: Herramienta menor | F21: 10% MO | J21: =M49*10% -> 478.7652 | K21: 1 | M21: =J21/K21 -> 478.7652
A22: Camion de apoyo | F22: HORA | J22: =30000*1.07 -> 32100 | K22: 15 | M22: =J22/K22 -> 2140
A23: Señalizacion y Otros | F23: GL | J23: =70*1.07 -> 74.9 | K23: 1 | M23: =J23/K23 -> 74.9
A25: SUBTOTAL $ | M25: =SUM(M20:M24) -> 4944.9452
A26: II. MATERIALES
A29: DESCRIPCIÓN | I29: UNIDAD | J29: CANTIDAD | K29: PRECIO UNIT. | M29: Vr. UNITARIO
A30: Pintura Acrilica Base Solvente Pura | I30: GL | J30: 0.129 | K30: =147280*1.07 -> 157589.6 | M30: =J30*K30 -> 20329.058
A31: Disolvente | I31: GL | J31: 0.065 | K31: =47340*1.07 -> 50653.8 | M31: =J31*K31 -> 3292.497
A32: Microesfera reflectiva | I32: KG | J32: 0.6 | K32: =8000*1.07 -> 8560 | M32: =K32*J32 -> 5136
A33: SUBTOTAL $ | M33: =SUM(M30:M32) -> 28757.555
A34: III. TRANSPORTES
A37: MATERIAL | H37: VOL. o PESO | I37: DISTANCIA | J37: M3 o Ton/Km | K37: TARIFA | M37: Vr. UNITARIO
A40: SUBTOTAL $
A41: IV. MANO DE OBRA
A44: TRABAJADOR | H44: JORNAL | I44: PRESTACIONES | J44: JORNAL TOTAL | K44: RENDIMIENTO | M44: Vr. UNITARIO
A45: Operador | H45: =52600*1.23 -> 64698 | I45: 1.85 | J45: =I45*H45 -> 119691.3 | K45: 100 | M45: =J45/K45 -> 1196.913
A46: Premarcador | H46: =52600*1.23 -> 64698 | I46: 1.85 | J46: =H46*I46 -> 119691.3 | K46: 100 | M46: =J46/K46 -> 1196.913
A47: Ayudantes 2 | H47: =105200*1.23 -> 129396 | I47: 1.85 | J47: =H47*I47 -> 239382.6 | K47: 100 | M47: =J47/K47 -> 2393.826
A49: SUBTOTAL $ | M49: =SUM(M45:M48) -> 4787.652
A51: TOTAL COSTO DIRECTO $ | M51: =ROUND((M25+M33+M49),0) -> 38490
A52: V. COSTOS INDIRECTOS
A55: Descripción | J55: Porcentaje | K55: Valor Total
A56: ADMINISTRACION | J56: 0.2 | K56: =M51*J56 -> 7698
A57: IMPREVISTOS | J57: 0.01 | K57: =M51*J57 -> 384.9
A58: UTILIDAD | J58: 0.04 | K58: =M51*J58 -> 1539.6
A59: SUBTOTAL $ | M59: =SUM(K56:L58) -> 9622.5
A61: Precio Unitario Total Aproximado al peso $ | M61: =ROUND((M51+M59),0) -> 48113

Sheet ITEM 5 - SEÑAL 75
J3: FECHA
B4: MUNICIPIO DE NEIVA
J5: VERSIÓN
B6: PROCESO No.
J7: PÁGINA | K7: 1 | L7: DE | M7: 1
B9: ANALISIS DE PRECIOS UNITARIOS
A11: DATOS ESPECÍFICOS
A13: ÍTEM | B13: DESCRIPCIÓN | K13: UNIDAD | M13: CANTIDAD
A14: 5 | B14: Suministro, instalación y georreferenciación de señales verticales SP, SR y SI de 75*75 Cm en material reflectivo grado XI o superior, lámina galvanizada calibre 16 y poste en Tubo de acero Galvanizado redondo de 2" calibre 3mm cumpliendo con el manual de señalización vial de MINTRANSPORTE 2024 | K14: UN. | M14: 1
A15: I. EQUIPO
A18: DESCRIPCIÓN | F18: UNIDAD | H18: TIPO | J18: TARIFA/HORA | K18: RENDIMIENTO | M18: Vr. UNITARIO
A19: Camioneta D-300 | F19: HORA | J19: =25000*1.07 -> 26750 | K19: 2.5 | M19: =J19/K19 -> 10700
A20: SEÑALIZACION Y OTROS | F20: GLOBAL | J20: =70*1.07 -> 74.9 | K20: 1 | M20: =J20*K20 -> 74.9
A21: HERRAMIENTA MENOR (%) | F21: 10% MO | M21: =M61*10% -> 2957.0792
A29: SUBTOTAL $ | M29: =SUM(M19:M28) -> 13731.979
A30: II. MATERIALES
A33: DESCRIPCIÓN | I33: UNIDAD | J33: CANTIDAD | K33: PRECIO UNIT. | M33: Vr. UNITARIO
A34: poste en Tubo de acero Galvanizado redondo de 2" calibre 3mm de 3,5 Metros Pintura Electrostatica para Señal | I34: UN. | J34: 1 | K34: =157800*1.07 -> 168846 | M34: =J34*K34 -> 168846
A35: Tablero en lamina Galvanizada Calibre 16 Incluye material Reflectivo grado XI y elemtos de fijacion | I35: UN. | J35: 1 | K35: =241960*1.07 -> 258897.2 | M35: =J35*K35 -> 258897.2
A36: Concreto Resistencia 14 MPA | I36: M3 | J36: 0.04 | K36: =420800*1.07 -> 450256 | M36: =J36*K36 -> 18010.24
A38: SUBTOTAL $ | M38: =SUM(M34:M37) -> 445753.44
A39: III. TRANSPORTES
A42: MATERIAL | H42: UNIDAD | I42: DISTANCIA | K42: TARIFA | M42: Vr. UNITARIO
A52: SUBTOTAL $
A53: IV. MANO DE OBRA
A56: TRABAJADOR | H56: JORNAL | I56: PRESTACIONES | J56: JORNAL TOTAL | K56: RENDIMIENTO | M56: Vr. UNITARIO
A57: Oficial | H57: =63120*1.23 -> 77637.6 | I57: 1.85 | J57: =H57*I57 -> 143629.56 | K57: 17 | M57: =J57/K57 -> 8448.7976
A58: Obreros 3 | H58: =157800*1.23 -> 194094 | I58: 1.85 | J58: =H58*I58 -> 359073.9 | K58: 17 | M58: =J58/K58 -> 21121.994
A61: SUBTOTAL $ | M61: =SUM(M57:M60) -> 29570.792
A63: TOTAL COSTO DIRECTO $ | M63: =ROUND((M29+M38+M61),0) -> 489056
A64: V. COSTOS INDIRECTOS
A67: Descripción | J67: Porcentaje | K67: Valor Total
A68: ADMINISTRACION | J68: 0.2 | K68: =M63*J68 -> 97811.2
A69: IMPREVISTOS | J69: 0.01 | K69: =M63*J69 -> 4890.56
A70: UTILIDAD | J70: 0.04 | K70: =M63*J70 -> 19562.24
A71: SUBTOTAL $ | M71: =SUM(K68:L70) -> 122264
A73: Precio Unitario Total Aproximado al peso $ | M73: =ROUND((M63+M71),0) -> 611320
F77: Firma
F78: Nombre:
F79: Representante Legal del Contratista o su Apoderado
F80: Matricula No. :
A82: OBSERVACIONES INTERVENTORÍA
A86: APROBACIÓN POR INTERVENTORÍA
A87: Nota 1: Cuando se trate de Análisis de precios unitarios correspondientes a ítems de la propuesta económica aprobada, el Interventor aprueba el desglose de los componentes manteniendo el mismo precio unitario de cada ítem, cumpliendo con las especificaciones de construcción vigentes para el proyecto.
A89: Nota 2: Cuando se trate de Análisis de precios unitarios de ítems no previstos, el Interventor aprueba el desglose y precio unitario de cada ítem no previsto, exigiendo la aplicación de los costos correspondientes a insumos y tarifas de la propuesta económica inicial cuando estén contemplados, cumpliendo con las especificaciones de construcción vigente para el proyecto.
F92: Firma
F93: Nombre:
F94: Representante Legal del Interventor o su Apoderado
F95: Matricula No. :

Sheet ITEM 6 SEÑAL DUPLEX
J3: FECHA
B4: MUNICIPIO DE NEIVA
J5: VERSIÓN
B6: PROCESO No.
J7: PÁGINA | K7: 1 | L7: DE | M7: 1
B9: ANALISIS DE PRECIOS UNITARIOS
A10: ÍTEM | B10: DESCRIPCIÓN | K10: UNIDAD | M10: CANTIDAD
A11: 6 | B11: Suministro, instalación y georreferenciación de señales verticales Duplex SP, SR y SI de 75*75 Cm en material reflectivo grado XI o superior, lámina galvanizada calibre 16 y poste en Tubo de acero Galvanizado redondo de 2" calibre 3mm cumpliendo con el manual de señalización vial de MINTRANSPORTE 2024 | K11: UN. | M11: 1
A12: I. EQUIPO
A15: DESCRIPCIÓN | F15: UNIDAD | H15: TIPO | J15: TARIFA/HORA | K15: RENDIMIENTO | M15: Vr. UNITARIO
A16: Camioneta D-300 | F16: HORA | J16: =25000*1.07 -> 26750 | K16: 2.5 | M16: =J16/K16 -> 10700
A17: SEÑALIZACION Y OTROS | F17: GLOBAL | J17: =70*1.07 -> 74.9 | K17: 1 | M17: =J17*K17 -> 74.9
A18: HERRAMIENTA MENOR (%) | F18: 10% MO | K18: 0.01 | M18: =M59*10% -> 2957.0792
A26: SUBTOTAL $ | M26: =SUM(M16:M25) -> 13731.979
A27: II. MATERIALES
A30: DESCRIPCIÓN | I30: UNIDAD | J30: CANTIDAD | K30: PRECIO UNIT. | M30: Vr. UNITARIO
A31: Poste en Tubo de acero Galvanizado redondo de 2" calibre 3mm de 3,5 Metros Pintura Electrostatica para Señal | I31: UN. | J31: 1 | K31: =157800*1.07 -> 168846 | M31: =J31*K31 -> 168846
A32: Tablero en lamina Galvanizada Calibre 16, Incluye material Reflectivo grado XI y elemtos de fijacion | I32: UN. | J32: 2 | K32: =241960*1.07 -> 258897.2 | M32: =J32*K32 -> 517794.4
A34: Concreto Resistencia 14 MPA | I34: M3 | J34: 0.04 | K34: =420800*1.07 -> 450256 | M34: =J34*K34 -> 18010.24
A36: SUBTOTAL $ | M36: =SUM(M31:M35) -> 704650.64
A37: III. TRANSPORTES
A40: MATERIAL | H40: UNIDAD | I40: DISTANCIA | K40: TARIFA | M40: Vr. UNITARIO
A50: SUBTOTAL $
A51: IV. MANO DE OBRA
A54: TRABAJADOR | H54: JORNAL | I54: PRESTACIONES | J54: JORNAL TOTAL | K54: RENDIMIENTO | M54: Vr. UNITARIO
A55: Oficial | H55: =63120*1.23 -> 77637.6 | I55: 1.85 | J55: =H55*I55 -> 143629.56 | K55: 17 | M55: =J55/K55 -> 8448.7976
A56: Obreros 3 | H56: =157800*1.23 -> 194094 | I56: 1.85 | J56: =H56*I56 -> 359073.9 | K56: 17 | M56: =J56/K56 -> 21121.994
A59: SUBTOTAL $ | M59: =SUM(M55:M58) -> 29570.792
A61: TOTAL COSTO DIRECTO $ | M61: =ROUND((M26+M36+M59),0) -> 747953
A62: V. COSTOS INDIRECTOS
A65: Descripción | J65: Porcentaje | K65: Valor Total
A66: ADMINISTRACION | J66: 0.2 | K66: =M61*J66 -> 149590.6
A67: IMPREVISTOS | J67: 0.01 | K67: =M61*J67 -> 7479.53
A68: UTILIDAD | J68: 0.04 | K68: =M61*J68 -> 29918.12
A69: SUBTOTAL $ | M69: =SUM(K66:L68) -> 186988.25
A71: Precio Unitario Total Aproximado al peso $ | M71: =ROUND((M61+M69),0) -> 934941
F75: Firma
F76: Nombre:
F77: Representante Legal del Contratista o su Apoderado
F78: Matricula No. :
A80: OBSERVACIONES INTERVENTORÍA
A84: APROBACIÓN POR INTERVENTORÍA
A85: Nota 1: Cuando se trate de Análisis de precios unitarios correspondientes a ítems de la propuesta económica aprobada, el Interventor aprueba el desglose de los componentes manteniendo el mismo precio unitario de cada ítem, cumpliendo con las especificaciones de construcción vigentes para el proyecto.
A87: Nota 2: Cuando se trate de Análisis de precios unitarios de ítems no previstos, el Interventor aprueba el desglose y precio unitario de cada ítem no previsto, exigiendo la aplicación de los costos correspondientes a insumos y tarifas de la propuesta económica inicial cuando estén contemplados, cumpliendo con las especificaciones de construcción vigente para el proyecto.
F90: Firma
F91: Nombre:
F92: Representante Legal del Interventor o su Apoderado
F93: Matricula No. :

Sheet ITEM 7- BANDA
F1: FECHA
B2: MUNICIPIO DE NEIVA
F3: VERSIÓN
B4: PROCESO No.
F5: PÁGINA
B7: ANALISIS DE PRECIOS UNITARIOS
A9: ITEM: 7 | B9: DESCRIPCION | C9: Construcción de bandas sonoras reductoras de velocidad de 30CM de ancho * 2,5 cm de altura, construida con gravilla de 1/2", pintura de larga duración blanca y resina epoxica
A11: I. EQUIPO
A12: Descripción | B12: Unidad | C12: TARIFA HORA | D12: Cantidad | E12: Rendimiento | F12: Valor-Parcial
A13: Equipo de limpieza | B13: HORA | C13: =5000*1.07 -> 5350 | D13: 1 | E13: 5 | F13: =(C13/E13) -> 1070
A14: Generador de energia | B14: HORA | C14: =10000*1.07 -> 10700 | D14: 1 | E14: 5 | F14: =(C14/E14) -> 2140
A15: Rotomartillo | B15: HORA | C15: =6250*1.07 -> 6687.5 | D15: 1 | E15: 5 | F15: =(C15/E15) -> 1337.5
A16: Camion de apoyo | B16: HORA | C16: =30000*1.07 -> 32100 | D16: 1 | E16: 5 | F16: =(C16/E16) -> 6420
F17: Sub-Total | G17: =SUM(F13:F16) -> 10967.5
A18: II. MATERIALES EN OBRA
A19: Descripción | B19: Unidad | C19: Precio Unitario | D19: Cantidad | E19: - | F19: Valor-Parcial
A20: Resina epoxica o bicomponente para bandas | B20: KIT | C20: =284050*1.07 -> 303933.5 | D20: 0.3 | E20: - | F20: =C20*D20 -> 91180.05
A21: Gravilla de 1/2" | B21: M3 | C21: =93420*1.07 -> 99959.4 | D21: 0.05 | E21: - | F21: =C21*D21 -> 4997.97
F24: Sub-Total | G24: =SUM(F20:F23) -> 96178.02
A25: III. TRANSPORTES
A26: Descripción | B26: Unidad | C26: Precio unitario | D26: Cantidad | E26: Rendimiento | F26: Valor-Parcial
F30: Sub-Total | G30: =+SUM(F29:F29) -> 0
A31: IV. MANO DE OBRA
A32: Descripción | B32: Unidad | C32: Precio Unitario | D32: Prestaciones | E32: Rendimiento | F32: Valor-Parcial
A33: Obreros 2 | B33: DIA | C33: =105200*1.23 -> 129396 | D33: 1.85 | E33: 5 | F33: =(C33*D33)/E33 -> 47876.52
A34: Oficial | B34: DIA | C34: =63120*1.23 -> 77637.6 | D34: 1.85 | E34: 5 | F34: =(C34*D34)/E34 -> 28725.912
F37: Sub-Total | G37: =SUM(F33:F36) -> 76602.432
C39: Total Costo Directo | G39: =ROUND((G37+G17+G24+G30),0) -> 183748
A40: V. COSTOS INDIRECTOS
A41: Descripción | E41: Porcentaje | F41: Valor Total
A42: Administración | E42: 0.2 | F42: =G39*E42 -> 36749.6
A43: Imprevistos | E43: 0.01 | F43: =G39*E43 -> 1837.48
A44: Utilidades | E44: 0.04 | F44: =G39*E44 -> 7349.92
F45: Sub-Total | G45: =SUM(F42:F44) -> 45937
F47: Precio unitario total | G47: =ROUND(+G45+G39,0) -> 229685
A49: Firma
A50: Nombre:
A51: Representante Legal del Contratista o su Apoderado
A52: Matricula No. :
A55: OBSERVACIONES INTERVENTORÍA
A59: APROBACIÓN POR INTERVENTORÍA
A62: Nota 2: Cuando se trate de Análisis de precios unitarios de ítems no previstos, el Interventor aprueba el desglose y precio unitario de cada ítem no previsto, exigiendo la aplicación de los costos correspondientes a insumos y tarifas de la propuesta económica inicial cuando estén contemplados, cumpliendo con las especificaciones de construcción vigente para el proyecto.
A63: Firma

Sheet ITEM 8 M2 PIGMENTADO O MULT
J1: FECHA
B2: MUNICIPIO DE NEIVA
J3: VERSIÓN
B4: PROCESO No.
J5: PÁGINA | K5: 1 | L5: DE | M5: 1
B7: ANALISIS DE PRECIOS UNITARIOS
A12: ÍTEM | B12: DESCRIPCIÓN | K12: UNIDAD | M12: CANTIDAD
A13: 8 | B13: Suministro y aplicación de pintura pintura Acrilica Base Solvente pigmentada Multicolor ( AZUL, ROJO, VERDE) espesor seco Minima de 12 mils,con antideslizante | K13: M2 | M13: 1
A14: I. EQUIPO
A17: DESCRIPCIÓN | F17: UNIDAD | H17: TIPO | J17: TARIFA/HORA | K17: RENDIMIENTO | M17: Vr. UNITARIO
A18: Equipo Airlees para Aplicación Pintura | F18: HORA | J18: =31560*1.07 -> 33769.2 | K18: 15 | M18: =J18/K18 -> 2251.28
A19: Camion de apoyo | F19: HORA | J19: =30000*1.07 -> 32100 | K19: 15 | M19: =J19/K19 -> 2140
A20: Herramienta menor | F20: 10% MO | J20: =M47*10% -> 478.7652 | K20: 1 | M20: =J20/K20 -> 478.7652
A21: Señalizacion y Otros | F21: GL | J21: 74.9 | K21: 1 | M21: =J21/K21 -> 74.9
A23: SUBTOTAL $ | M23: =SUM(M18:M22) -> 4944.9452
A24: II. MATERIALES
A27: DESCRIPCIÓN | I27: UNIDAD | J27: CANTIDAD | K27: PRECIO UNIT. | M27: Vr. UNITARIO
A28: Pintura Acrilica Base Solvente Multicolor Pura | I28: GL | J28: 0.129 | K28: =190000*1.07 -> 203300 | M28: =J28*K28 -> 26225.7
A29: Disolvente | I29: GL | J29: 0.065 | K29: =47340*1.07 -> 50653.8 | M29: =J29*K29 -> 3292.497
A30: antideslizante | I30: KG | J30: 0.6 | K30: =8000*1.07 -> 8560 | M30: =K30*J30 -> 5136
A31: SUBTOTAL $ | M31: =SUM(M28:M30) -> 34654.197
A32: III. TRANSPORTES
A35: MATERIAL | H35: VOL. o PESO | I35: DISTANCIA | J35: M3 o Ton/Km | K35: TARIFA | M35: Vr. UNITARIO
A38: SUBTOTAL $
A39: IV. MANO DE OBRA
A42: TRABAJADOR | H42: JORNAL | I42: PRESTACIONES | J42: JORNAL TOTAL | K42: RENDIMIENTO | M42: Vr. UNITARIO
A43: Operador | H43: =52600*1.23 -> 64698 | I43: 1.85 | J43: =I43*H43 -> 119691.3 | K43: 100 | M43: =J43/K43 -> 1196.913
A44: Premarcador | H44: =52600*1.23 -> 64698 | I44: 1.85 | J44: =H44*I44 -> 119691.3 | K44: 100 | M44: =J44/K44 -> 1196.913
A45: Ayudantes 2 | H45: =105200*1.23 -> 129396 | I45: 1.85 | J45: =H45*I45 -> 239382.6 | K45: 100 | M45: =J45/K45 -> 2393.826
A47: SUBTOTAL $ | M47: =SUM(M43:M46) -> 4787.652
A49: TOTAL COSTO DIRECTO $ | M49: =ROUND((M23+M31+M47),0) -> 44387
A50: V. COSTOS INDIRECTOS
A53: Descripción | J53: Porcentaje | K53: Valor Total
A54: ADMINISTRACION | J54: 0.2 | K54: =M49*J54 -> 8877.4
A55: IMPREVISTOS | J55: 0.01 | K55: =M49*J55 -> 443.87
A56: UTILIDAD | J56: 0.04 | K56: =M49*J56 -> 1775.48
A57: SUBTOTAL $ | M57: =SUM(K54:L56) -> 11096.75
A59: Precio Unitario Total Aproximado al peso $ | M59: =ROUND((M49+M57),0) -> 55484

Sheet ITEM 09 HITO FLEXIBLE
A8: ANALISIS DE PRECIOS UNITARIOS
A11: DATOS ESPECÍFICOS
A13: ITEM | B13: DESCRIPCIÓN | J13: GRUPO DE AJUSTE | K13: UNIDAD | M13: CANTIDAD
A14: 9 | B14: Suministro e Instalacion de Hito vial flexible con tres cintas reflectivas. 80 cm Alto con 20 de base. Incluye kit de anclaje( Tornillo tirafondo de 3/8×4 1/2 y/o chazo de 1/2×4 con arandela de 3/8) | K14: UNIDAD | M14: 1
A15: I. EQUIPO
A16: I. EQUIPO
A18: DESCRIPCIÓN | H18: TIPO | J18: TARIFA/HORA | K18: RENDIMIENTO | M18: Vr. UNITARIO
A19: CAMIONETA D-300 | J19: =25000*1.07 -> 26750 | K19: 12 | M19: =+J19/K19 -> 2229.1667
A20: PLANTA ELECTRICA | J20: =10000*1.07 -> 10700 | K20: 12 | M20: =+J20/K20 -> 891.66667
A21: HERRAMIENTA MENOR | H21: 10% MO | M21: =M69*10% -> 628.37933
A22: Taladro | J22: =6250*1.07 -> 6687.5 | K22: 15 | M22: =J22/K22 -> 445.83333
A29: SUBTOTAL | M29: =SUM(M19:M28) -> 4195.046
A30: II. MATERIALES
A31: II. MATERIALES
A33: DESCRIPCIÓN | I33: UNIDAD | J33: CANTIDAD | K33: PRECIO UNIT. | M33: Vr. UNITARIO
A35: Pegante epoxico | I35: KIT | J35: 0.055 | K35: =50000*1.07 -> 53500 | M35: =+K35*J35 -> 2942.5
A36: Delineador Tubular | I36: UND | J36: 1 | K36: =32000*1.07 -> 34240 | M36: =K36*J36 -> 34240
A37: Tornillo tirafondo de 3/8×4 1/2 y/o chazo de 1/2×4 con arandela de 3/8) | I37: UND | J37: 3 | K37: =520*1.07 -> 556.4 | M37: =K37*J37 -> 1669.2
A47: SUBTOTAL | M47: =SUM(M34:M46) -> 38851.7
A48: III. TRANSPORTES
A49: III. TRANSPORTES
A51: MATERIAL | H51: VOL. o PESO | I51: DISTANCIA | J51: M3 o Ton/Km | K51: TARIFA | M51: Vr. UNITARIO
A54: SUBTOTAL | M54: =SUM(M52:M53) -> 0
A55: IV. MANO DE OBRA
A56: IV. MANO DE OBRA
A58: TRABAJADOR | G58: CANTIDAD | H58: JORNAL | I58: PRESTACIONES | J58: JORNAL TOTAL | K58: RENDIMIENTO | M58: Vr. UNITARIO
A59: OBRERO 3 | G59: 3 | H59: =52600*1.23 -> 64698 | I59: 1.85 | J59: =+G59*H59*I59 -> 359073.9 | K59: 80 | M59: =+J59/K59 -> 4488.4237
A60: OFICIAL 1 | G60: 1 | H60: =63120*1.23 -> 77637.6 | I60: 1.85 | J60: =+G60*H60*I60 -> 143629.56 | K60: 80 | M60: =+J60/K60 -> 1795.3695
A69: SUBTOTAL | M69: =SUM(M59:M68) -> 6283.7933
A71: TOTAL COSTO DIRECTO | M71: =+M69+M54+M47+M29 -> 49330.539
A72: V. COSTOS INDIRECTOS
A73: V. COSTOS INDIRECTOS
A75: Descripción | J75: Porcentaje | K75: Valor Total
A76: ADMINISTRACION | J76: 0.2 | K76: =+M71*J76 -> 9866.1078
A77: IMPREVISTOS | J77: 0.01 | K77: =+M71*J77 -> 493.30539
A78: UTILIDAD | J78: 0.04 | K78: =+M71*J78 -> 1973.2216
A79: SUBTOTAL | M79: =SUM(K76:L78) -> 12332.635
A81: Precio Unitario Total | M81: =ROUND(M71+M79,0) -> 61663

Sheet ITEM 10- TACHONES
D1: ANÁLISIS DE PRECIOS UNITARIOS
A4: CARRETERA : | G4: ITEM DE PAGO: | H4: 10
A5: ITEM: | B5: Suministro e instalación de Tachones con reflctivo de dimensiones 40cm 15cm*8cm pernados | G5: ESPECIFICACIÓN:
G6: UNIDAD: | H6: UN
A7: I. EQUIPO
A8: Descripción | D8: Tipo | E8: Tarifa/Hora | F8: Rendimiento | G8: Valor-Unit.
A9: CAMIONETA | E9: =25000*1.07 -> 26750 | F9: 12 | G9: =E9/F9 -> 2229.1667
A10: TALADRO | E10: =(50000/8)*1.07 -> 6687.5 | F10: 12 | G10: =E10/F10 -> 557.29167
A11: PLANTA ELECTRICA | E11: =10000*1.07 -> 10700 | F11: 12 | G11: =E11/F11 -> 891.66667
A12: HERRAMIENTA MENOR | D12: 10% MO | G12: =H38*10% -> 502.704
G14: Sub-Total | H14: =SUM(G9:G13) -> 4180.829
A15: II. MATERIALES EN OBRA
A16: Descripción | D16: Unidad | E16: Precio-Unit. | F16: Cantidad
A18: PEGANTE EPOXICO | D18: KIT | E18: =50000*1.07 -> 53500 | F18: 0.05 | G18: =F18*E18 -> 2675
A19: Tachones con reflctivo de dimensiones 40cm 15cm*8cm con Pernos | G19: 30000
A20: chazo de expansión 5/16 *4 | D20: UN | E20: =520*1.07 -> 556.4 | F20: 2 | G20: =F20*E20 -> 1112.8
G23: Sub-Total | H23: =SUM(G17:G22) -> 33787.8
A24: III. TRANSPORTES
A25: Material | C25: Vol. Peso ó Cant. | D25: Distancia | E25: M3-Km | F25: Tarifa | G25: Valor-Unit.
G29: Sub-Total | H29: =SUM(G26:G28) -> 0
A30: IV. MANO DE OBRA
A31: Trabajador | C31: Jornal | D31: Prestaciones | E31: Jornal Total | F31: Rendimiento | G31: Valor-Unit.
A32: Obreros (3) | C32: =(52600*3)*1.23 -> 194094 | D32: 1.85 | E32: =ROUND(D32*C32,0) -> 359074 | F32: 100 | G32: =E32/F32 -> 3590.74
A33: Oficial (01) | C33: =63120*1.23 -> 77637.6 | D33: 1.85 | E33: =ROUND(D33*C33,0) -> 143630 | F33: 100 | G33: =E33/F33 -> 1436.3
G38: Sub-Total | H38: =SUM(G32:G37) -> 5027.04
E40: Total Costo Directo | H40: =ROUND((H14+H23+H29+H38),0) -> 42996
A41: V. COSTOS INDIRECTOS
A42: Descripción | F42: Porcentaje | G42: Valor Total
A43: ADMINISTRACION | F43: 0.2 | G43: =F43*H40 -> 8599.2
A44: IMPREVISTOS | F44: 0.01 | G44: =F44*H40 -> 429.96
A45: UTILIDAD | F45: 0.04 | G45: =F45*H40 -> 1719.84
G46: Sub-Total | H46: =SUM(G43:G45) -> 10749
E48: Precio unitario Total: | H48: =ROUND((H40+H46),0) -> 53745

Sheet ITEM 11- Retiro de TACHONES (2)
E1: ANÁLISIS DE PRECIOS UNITARIOS
A4: CARRETERA : | G4: ITEM DE PAGO: | H4: 11
A5: ITEM: | B5: DESISTALACION Y Retiro de Tachones, Hitos con su respectivo anclaje | G5: ESPECIFICACIÓN:
G6: UNIDAD: | H6: UN
A7: I. EQUIPO
A8: Descripción | D8: Tipo | E8: Tarifa/Hora | F8: Rendimiento | G8: Valor-Unit.
A9: CAMIONETA | E9: =25000*1.07 -> 26750 | F9: 16 | G9: =E9/F9 -> 1671.875
A10: TALADRO | E10: =(50000/8)*1.07 -> 6687.5 | F10: 16 | G10: =E10/F10 -> 417.96875
A11: PLANTA ELECTRICA | E11: =10000*1.07 -> 10700 | F11: 16 | G11: =E11/F11 -> 668.75
A12: HERRAMIENTA MENOR | E12: 10% MO | G12: =(H38*10%)*1.07 -> 413.76406
G14: Sub-Total | H14: =SUM(G9:G13) -> 3172.3578
A15: II. MATERIALES EN OBRA
A16: Descripción | D16: Unidad | E16: Precio-Unit. | F16: Cantidad
G23: Sub-Total | H23: =SUM(G17:G22) -> 0
A24: III. TRANSPORTES
A25: Material | C25: Vol. Peso ó Cant. | D25: Distancia | E25: M3-Km | F25: Tarifa | G25: Valor-Unit.
G29: Sub-Total | H29: =SUM(G26:G28) -> 0
A30: IV. MANO DE OBRA
A31: Trabajador | C31: Jornal | D31: Prestaciones | E31: Jornal Total | F31: Rendimiento | G31: Valor-Unit.
A32: Obreros (3) | C32: =(52600*1.23)*3 -> 194094 | D32: 1.85 | E32: =ROUND(D32*C32,0) -> 359074 | F32: 130 | G32: =E32/F32 -> 2762.1077
A33: Oficial (01) | C33: =63120*1.23 -> 77637.6 | D33: 1.85 | E33: =ROUND(D33*C33,0) -> 143630 | F33: 130 | G33: =E33/F33 -> 1104.8462
G38: Sub-Total | H38: =SUM(G32:G37) -> 3866.9538
E40: Total Costo Directo | H40: =ROUND((H14+H23+H29+H38),0) -> 7039
A41: V. COSTOS INDIRECTOS
A42: Descripción | F42: Porcentaje | G42: Valor Total
A43: ADMINISTRACION | F43: 0.2 | G43: =F43*H40 -> 1407.8
A44: IMPREVISTOS | F44: 0.01 | G44: =F44*H40 -> 70.39
A45: UTILIDAD | F45: 0.04 | G45: =F45*H40 -> 281.56
G46: Sub-Total | H46: =SUM(G43:G45) -> 1759.75
E48: Precio unitario aproximado al peso: | H48: =ROUND((H40+H46),0) -> 8799
